 Dungeon Crawl Stone Soup version 0.20.1-1-g8b1a95d (webtiles) character file.

163 Gargoyl the Skirmisher (level 5, -2/47 HPs)
             Began as a Minotaur Abyssal Knight on Sept 11, 2017.
             Was a Believer of Lugonu.
             Slain by gyp21's ghost (6 damage)
             ... on level 3 of the Dungeon.
             The game lasted 00:05:20 (3047 turns).

Gargoyl the Skirmisher (Minotaur Abyssal Knight)    Turns: 3047, Time: 00:05:21

Health: -2/47      AC: 11    Str: 21 (22) XL:     5   Next: 20%
Magic:  5/5        EV: 11    Int: 12 (14) God:    Lugonu [**....]
Gold:   85         SH:  0    Dex: 14 (17) Spells: 4/4 levels left

rFire    + . .     SeeInvis .   a - +2 hand axe
rCold    . . .     Gourm    .   (no shield)
rNeg     . . .     Faith    .   e - +0 plate armour
rPois    .         Spirit   .   (helmet restricted)
rElec    .         Reflect  .   (no cloak)
rCorr    .         Harm     .   (no gloves)
MR       .....                  (no boots)
Stlth    ..........             (no amulet)
Regen    0.2/turn               m - ring of protection from fire
MPRegen  0.1/turn               (no ring)

@: mighty, brilliant, agile
A: retaliatory headbutt, horns 2, camouflage 1, agile 1, deterioration 1
a: Depart the Abyss, Bend Space, Renounce Religion


You were on level 3 of the Dungeon.
You worshipped Lugonu.
Lugonu was pleased with you.
You were not hungry.

You visited 1 branch of the dungeon, and saw 4 of its levels.
You visited the Abyss 1 time.

You collected 124 gold pieces.
You spent 39 gold pieces at shops.

Inventory:

Hand Weapons
 a - a +2 hand axe (weapon)
Missiles
 j - 3 javelins (quivered)
Armour
 e - a +0 plate armour (worn)
Jewellery
 m - a ring of protection from fire (left hand)
Scrolls
 i - 3 scrolls of identify
 k - 2 scrolls of remove curse
 o - a scroll of teleportation
Potions
 b - a potion of haste
 n - a potion of curing


   Skills:
 + Level 4.9 Fighting
 + Level 3.7 Axes
 * Level 4.2 Armour
 + Level 1.2 Dodging
 * Level 2.5 Invocations


You had 4 spell levels left.
You didn't know any spells.

Dungeon Overview and Level Annotations

Branches:
Dungeon (4/15)
 Temple: D:4-7

Altars:
Dithmenos
Trog

Shops:
D:4 ?

Annotations:
D:3 gyp21's ghost, novice DsGl
D:4 Gargoyl's ghost, amateur MiAK


Innate Abilities, Weirdness & Mutations

You reflexively headbutt those who attack you in melee.
You have a pair of horns on your head.
Your skin changes colour to match your surroundings (Stealth+).
You are agile. (Dex +2)
Your body sometimes deteriorates upon taking damage.


Message History

It was a potion of heal wounds.
You feel much better. Gyp21's ghost completely misses you.
The jackal barely misses you.
It was a potion of might.
You feel very mighty all of a sudden. Gyp21's ghost closely misses you.
The jackal misses you.
You slash gyp21's ghost!
Gyp21's ghost is moderately damaged.
You closely miss the jackal.
The jackal bites you but does no damage.
Gyp21's ghost hits you!
Your body deteriorates!
You feel clumsy. The jackal closely misses you. Gyp21's ghost hits you!
* * * LOW HITPOINT WARNING * * *
Your body deteriorates!
You feel clumsy.
A rat comes into view.
You hit gyp21's ghost.
You headbutt gyp21's ghost, but do no damage.
Gyp21's ghost is heavily damaged.
You hit the jackal. The jackal barely misses you. Gyp21's ghost hits you.
You die...

###.........# .
#.........####### ..
.................#
...###
###.........#####'#.
......
#.................
......
##....####........
......
#....'...........
..?###
.....####........
.....gW@hh.......
.####.####...r..# ..
......# #.. ......#
#. ......# ..
..##### . ..#


You could see gyp21's ghost, 2 jackals, a goblin and a rat.

Vanquished Creatures
  An orc wizard (D:3)
  A worker ant (D:3)
  An iguana (D:4)
  An adder (D:2)
  2 oozes
  A worm (D:3)
  A dart slug (D:1)
  2 leopard geckos (D:3)
  An orc (D:3)
  9 bats
  3 giant cockroaches
  4 goblins
  11 hobgoblins
  4 jackals (D:3)
  4 kobolds
  A quokka (D:4)
  A ball python (D:1)
  4 frilled lizards
  3 rats
55 creatures vanquished.

Notes
Turn   | Place    | Note
-------+----------+-------------------------------------------
     0 | Abyss:1  | Gargoyl the Minotaur Abyssal Knight began the quest for the Orb.
     0 | Abyss:1  | Reached XP level 1. HP: 19/19 MP: 1/1
    46 | Abyss:2  | Found a corrupted altar of Lugonu.
    87 | Abyss:2  | Noticed a large abomination
   119 | Abyss:2  | Noticed a small abomination
   131 | Abyss:2  | Noticed an ancient zyme
   135 | D:1      | Escaped the Abyss
   299 | D:1      | Reached XP level 2. HP: 27/27 MP: 2/2
   306 | D:1      | Reached * piety under Lugonu
   515 | D:1      | Reached XP level 3. HP: 33/33 MP: 3/3
   794 | D:2      | Found a bloodstained altar of Trog.
  1860 | D:3      | Noticed gyp21's ghost (novice DsGl)
  1882 | D:4      | Found Ydaatoargh's Magic Scroll Shop.
  2152 | D:4      | Bought a scroll of teleportation for 39 gold pieces
  2168 | D:4      | Reached XP level 4. HP: 41/41 MP: 4/4
  2199 | D:4      | Noticed Gargoyl's ghost (amateur MiAK)
  2422 | D:3      | Reached XP level 5. HP: 27/47 MP: 5/5
  2732 | D:3      | Reached ** piety under Lugonu
  2785 | D:3      | Found a shadowy altar of Dithmenos.
  3043 | D:3      | Gained mutation: Your body sometimes deteriorates upon taking damage. [potion of mutation]
  3043 | D:3      | Gained mutation: Your skin changes colour to match your surroundings (Stealth+). [potion of mutation]
  3043 | D:3      | Gained mutation: You are agile. (Dex +2) [potion of mutation]
  3047 | D:3      | Slain by gyp21's ghost

Skill      XL: |  1  2  3  4 |
---------------+-------------+-----
Invocations    | 2 |  2.5
Armour         | 3 4 |  4.2
Fighting       | 4 |  4.9
Axes           | 3 |  3.7
Dodging        | |  1.2

Action                   |  1- 3 |  4- 6 || total
-------------------------+-------+-------++-------
Melee: Hand axe          |    89 |    59 ||   148
       Headbutt          |    13 |     8 ||    21
Invok: Depart the Abyss  |     1 |       ||     1
  Use: Scroll            |     6 |       ||     6
       Potion            |     1 |     8 ||     9
  Eat: Chunk             |     3 |       ||     3
       Bread ration      |       |     1 ||     1
Armor: Plate armour      |    92 |    88 ||   180
Dodge: Dodged            |    32 |    29 ||    61
